 Dungeon Crawl Stone Soup version 0.20-a0-842-g939b552 (webtiles) character file.

49 M4edhros the Sneak (level 3, -2/23 HPs)
             Began as an Octopode Artificer on Mar 9, 2017.
             Slain by an orc wizard
             ... wielding a +0 dagger
              (6 damage)
             ... on level 3 of the Dungeon.
             The game lasted 00:02:27 (687 turns).

M4edhros the Sneak (Octopode Artificer)              Turns: 687, Time: 00:02:28

Health: -2/23      AC:  1    Str: 11    XL:     3   Next: 77%
Magic:  5/5        EV: 13    Int: 13    God:
Gold:   45         SH:  0    Dex: 13    Spells: 2/2 levels left

rFire    . . .     SeeInvis .   a - +0 short sword
rCold    . . .     Gourm    .   (no shield)
rNeg     . . .     Faith    .   (helmet restricted)
rPois    .         Spirit   .   (no amulet)
rElec    .         Reflect  .   (no ring)
rCorr    .         Harm     .   (no ring)
MR       .....                  (no ring)
Stlth    ++++......             (no ring)
Regen    0.1/turn               (no ring)
MPRegen  0.1/turn               (no ring)
                                (no ring)
                                (no ring)

@: no status effects
A: almost no armour, stealthy swim, amphibious, 8 rings, constrict 8, camouflage
1, gelatinous body 1
a: no special abilities


You were on level 3 of the Dungeon.
You were not hungry.

You visited 1 branch of the dungeon, and saw 4 of its levels.

You collected 45 gold pieces.

Inventory:

Hand Weapons
 a - a +0 short sword (weapon)
Missiles
 g - 5 poisoned tomahawks (quivered)
Wands
 b - a wand of flame (15/48)
 c - a wand of enslavement (8/24)
 d - a wand of random effects (13/48)
Scrolls
 e - 2 scrolls of identify
Comestibles
 f - 2 bread rations
 j - 2 chunks of flesh


   Skills:
 - Level 1.0 Fighting
 - Level 1.0 Short Blades
 - Level 2.0 Dodging
 + Level 5.1 Stealth
 - Level 3.2 Evocations


You had 2 spell levels left.
You didn't know any spells.

Dungeon Overview and Level Annotations

Branches:
Dungeon (4/15)
 Temple: D:4-7

Altars:
Elyvilon
Gozag
Ru
Zin
The Shining One

Annotations:
D:3 Ijyb
D:4 M4edhros's ghost, amateur FoAE


Innate Abilities, Weirdness & Mutations

You cannot wear most types of armour.
You are very stealthy in the water. (Stealth+)
You are amphibious.
You can wear up to eight rings at the same time.
You can use your tentacles to constrict eight enemies at once.
Your skin changes colour to match your surroundings (Stealth+).
Your rubbery body absorbs attacks. (AC +1, EV +1)


Message History

Your orc wizard barely misses the goblin.
You hear some strange, mumbled words.
A puff of frost appears from out of thin air!
The puff of frost misses you.
Your orc wizard hits the goblin with a dagger.
The goblin dies!
The goblin unwields an uncursed club.
The goblin wields an uncursed hunting sling.
The goblin shoots a stone.
The stone hits Robin!
Robin dies!
Your orc wizard drinks a potion.
Your orc wizard is healed!
Your orc wizard hits the goblin with a dagger.
The goblin hits your orc wizard with an antimagic dagger.
Your orc wizard's magic leaks into the air.
Found a scroll labeled ILOFFO QACAWAM.
Found a sacrificial altar of Ru.
A puff of flame appears from out of your range of vision.
The puff of flame hits the hobgoblin.
The hobgoblin dies!
Something hits you.
You die...

..###### ..
##.....##......).....
...#?......#......%.....
..#.......#............
....._................
#.......#....###+###.
#.......#....# #.# #.
#.....##....###.###.
..####@####g.).'.g_###.
..........K..#o.###.###.
........g.g.o#).# #.# #.
.............g.o###g###.
...........g...)gg..(...
..............†.)..÷..##
......................#
......................#
...............>.....#


You could see 2 hobgoblins, 2 goblins, a kobold and a friendly orc wizard
(unaware).

Vanquished Creatures
  3 adders
  A dart slug (D:1)
  A ball python (D:1)
  2 hobgoblins
  2 jackals (D:3)
  2 goblins (D:2)
  2 rats
13 creatures vanquished.

Vanquished Creatures (collateral kills)
  4 orcs (D:3)
  4 goblins (D:3)
  2 hobgoblins (D:3)
10 creatures vanquished.

Vanquished Creatures (others)
  Robin (D:3)
1 creature vanquished.

Grand Total: 24 creatures vanquished

Notes
Turn   | Place    | Note
-------+----------+-------------------------------------------
     0 | D:1      | M4edhros the Octopode Artificer began the quest for the Orb.
     0 | D:1      | Reached XP level 1. HP: 13/13 MP: 3/3
    15 | D:1      | Reached skill level 2 in Stealth
   104 | D:2      | Reached XP level 2. HP: 18/18 MP: 4/4
   124 | D:2      | Reached skill level 3 in Stealth
   408 | D:3      | Found a glowing silver altar of Zin.
   408 | D:3      | Found a white marble altar of Elyvilon.
   409 | D:3      | Found a glowing golden altar of the Shining One.
   419 | D:3      | Reached skill level 4 in Stealth
   424 | D:3      | Reached XP level 3. HP: 14/23 MP: 5/5
   582 | D:3      | Found an opulent altar of Gozag.
   616 | D:3      | Noticed Robin
   616 | D:4      | Noticed M4edhros's ghost (amateur FoAE)
   680 | D:3      | Reached skill level 5 in Stealth
   682 | D:3      | Noticed Ijyb
   685 | D:3      | Your ally died
   686 | D:3      | Found a sacrificial altar of Ru.
   687 | D:3      | Slain by an orc wizard

Vault maps used:
D:1:      minmay_arrival_up_and_down
D:2:      xom_teletrap_fun
D:3:      good_gods_mini_temple, old_standard_altar, lemuel_doored_altar,
          first_bread, uniq_iyjb, uniq_robin
D:4:      kennysheep_slugbush, overflow_temple_1_default, cheibriados_altar_1

Skill      XL: |  1  2  3 |
---------------+----------+-----
Stealth        | 2 4 5 |  5.1
Fighting       | |  1.0
Short Blades   | |  1.0
Dodging        | |  2.0
Evocations     | |  3.2

Action                   || total
-------------------------++-------
Melee: Short sword       ||    31
       Constrict         ||     7
       Tentacles         ||     4
Evoke: Wand              ||     9
  Use: Potion            ||     2
       Scroll            ||     3
 Stab: Sleeping          ||     2
Armor: Skin              ||     4
Dodge: Dodged            ||    34
